 Dungeon Crawl Stone Soup version 0.31.0-12-g77e489cdc1 (webtiles) character file.

Game seed: 6568689304145619737

53356 bobo the Warrior (level 15, -6/124 HPs)
             Began as a Djinni Fire Elementalist on Feb 11, 2024.
             Was an Initiate of Makhleb.
             Shot with an arrow by a salamander (10 damage)
             ... on level 1 of the Snake Pit on Feb 16, 2024.
             The game lasted 01:14:42 (16720 turns).

bobo the Warrior (Djinni Fire Elementalist)        Turns: 16720, Time: 01:14:42

Health: -6/124     AC:  4    Str:  7    XL:     15   Next: 9%
Gold:   1382       EV: 14    Int: 30    God:    Makhleb [......] SH:  0 Dex: 14

rFire   + + +        s - +2 rapier (protect)
rCold   + . .        (no shield)
rNeg    . . .        F - +2 leather armour of the Earth {rF++ rC+}
rPois   ∞            (helmet unavailable)
rElec   .            (no cloak)
rCorr   .            (no gloves)
SInv    +            (boots unavailable)
Will    +....        (no amulet)
Stlth   +++          G - +6 ring of intelligence
HPRegen 0.40/turn    o - ring of Bonkaepi {rF+ rC+}
MPRegen 0.00/turn

%: infuse magic (-7 HP)
@: flying
A: sickness immunity, fire resistance 2, cold vulnerability 1, float, innate
caster, HP casting, extra vitality 1, antennae 3, wild magic 2, pseudopods 2,
translucent skin 1, MP-powered wands
a: Renounce Religion


You were on level 1 of the Snake Pit.
You worshipped Makhleb.
Makhleb was noncommittal.
You visited 5 branches of the dungeon, and saw 21 of its levels.
You also visited: Sewer and Ice Cave.

You collected 2110 gold pieces.
You spent 728 gold pieces at shops.

Inventory:

Hand Weapons
 s - a +2 rapier of protection (weapon)
Missiles
 J - a throwing net
Armour
 u - a +1 helmet
 z - a +0 troll leather armour
 C - an orb of guile
 F - the +2 leather armour of the Earth (worn) {rF++ rC+}
   (You found it on level 9 of the Dungeon)

   rF++:      It greatly protects you from fire.
   rC+:       It protects you from cold.
Jewellery
 i - an amulet of faith
 o - the ring of Bonkaepi (right hand) {rF+ rC+}
   (You acquired it on level 1 of the Dungeon)

   [ring of protection from cold]

   rF+:       It protects you from fire.
   rC+:       It protects you from cold.
 G - a +6 ring of intelligence (left hand)
Wands
 w - a wand of digging (8)
 x - a wand of iceblast (14)
 y - a wand of flame (25)
 B - a wand of quicksilver (9)
 E - a wand of mindburst (8)
Scrolls
 d - 5 scrolls of immolation
 h - 3 scrolls of enchant armour {unknown}
 j - 2 scrolls of blinking
 l - a scroll of vulnerability {unknown}
 m - 9 scrolls of identify
 p - 3 scrolls of poison
 q - 5 scrolls of teleportation
 r - a scroll of fear {unknown}
 t - 2 scrolls of revelation
 H - a scroll of noise {unknown}
 I - a scroll of enchant weapon {unknown}
Potions
 a - 7 potions of curing
 b - 4 potions of heal wounds
 c - 4 potions of mutation
 e - a potion of berserk rage {unknown}
 f - 2 potions of might {unknown}
 g - 5 potions of haste
 k - a potion of invisibility {unknown}
 n - 2 potions of attraction {unknown}
 v - a potion of cancellation {unknown}
 A - 2 potions of enlightenment {unknown}
 D - 2 potions of lignification {unknown}


   Skills:
 + Level 17.5 Fighting
 - Level 6.1 Armour
 - Level 7.2 Dodging
 - Level 1.5 Stealth
 + Level 13.0 Spellcasting
 + Level 13.0 Conjurations
 + Level 13.0 Hexes
   Level 0.0 Charms
 + Level 13.0 Summonings
 + Level 13.0 Necromancy
 + Level 13.0 Translocations
   Level 0.0 Transmutations
 + Level 13.0 Fire Magic
 + Level 13.0 Ice Magic
 + Level 13.0 Air Magic
 + Level 13.0 Earth Magic
 + Level 13.0 Alchemy
 + Level 0.8 Invocations


You knew the following spells:

 Your Spells              Type           Power      Damage    Failure   Level
a - Foxfire               Conj/Fire      100%       2x1d9     1%          1
b - Fireball              Conj/Fire      51%        3d20      2%          5
c - Mephitic Cloud        Conj/Alch/Air  100%       N/A       1%          3
d - Static Discharge      Conj/Air       100%       3-8/arc   1%          2
e - Inner Flame           Hex/Fire       100%       N/A       1%          3
f - Conjure Ball Lightni  Conj/Air       51%        3x3d18    8%          6
p - Passage of Golubria   Tloc           100%       N/A       1%          4
s - Scorch                Fire           100%       2d9       1%          2
w - Flame Wave            Conj/Fire      100%       2d21      1%          4
x - Volatile Blastmotes   Fire/Tloc      100%       2d18      1%          3
z - Shock                 Conj/Air       100%       1d9       1%          1
S - Silence               Hex/Air        51%        N/A       2%          5
Your spell library was empty.

Dungeon Overview and Level Annotations

Branches:
Dungeon (11/15)            Temple (0/1) D:7            Lair (5/5) D:11
  Swamp (2/4) Lair:3        Snake (1/4) Lair:2        Slime (0/5) Lair:4
    Orc (2/2) D:9           Sewer (visited)           IceCv (visited)
    Elf: Orc:2

Altars:
Elyvilon
Makhleb
Trog
Uskayaw
The Shining One
Jiyva

Shops:
D:1 ?[![   D:11 *

Annotations:
D:11 Josephine
Orc:2 Saint Roka


Innate Abilities, Weirdness & Mutations

You are immune to sickness and miasma.
You are immune to poison.
Your flesh is very heat resistant. (rF++)
You are vulnerable to cold. (rC-)
You float through the air rather than walking.
You learn spells naturally, not from books.
Your magical power is your life essence.
You have superior vitality. (+4 MHP)
You have a pair of large antennae on your head. (SInv)
Your spells are harder to cast, but more powerful.
Armour fits poorly on your large pseudopods.
Your translucent skin slightly reduces your foes' accuracy. (Stealth+)
You expend health (3 HP) to strengthen your wands.


Message History

Flame seeps out of the mana viper.
The mana viper is almost dead.
The mana viper is engulfed in blazing flames.
Makhleb accepts your kill.
The mana viper explodes!
The salamander wields a +0 shortbow of flaming.
It bursts into flame!
The salamander shoots an arrow.
The arrow hits you!
You hear an angry hiss.
Casting: Fireball (dangerous; 2% risk of failure)
Confirm with . or Enter, or press ? or * to list all spells.
You create some ball lightning! 3 ball lightnings come into view.
The salamander shoots an arrow.
The arrow hits you! The arrow burns you.
Your ball lightning explodes!
The blast of lightning engulfs your ball lightning.
Your ball lightning completely resists.
The blast of lightning engulfs the black mamba!
The black mamba is heavily wounded.
Your ball lightning explodes!
The blast of lightning engulfs the black mamba!!
You kill the black mamba!
Makhleb accepts your kill. The blast of lightning engulfs you!!!
* * * LOW HITPOINT WARNING * * *
You hear an angry hiss. x2; You hear a shout!
The salamander shoots an arrow.
The arrow hits your ball lightning!
Your ball lightning explodes!
The blast of lightning engulfs the salamander!
The salamander is moderately wounded.
You hear an angry hiss.
You hear a shout!
The salamander shoots an arrow.
The arrow misses you.
Casting: Conjure Ball Lightning (dangerous; 8% risk of failure)
Confirm with . or Enter, or press ? or * to list all spells.
Aiming: Mephitic Cloud (safe; 1% risk of failure)
Press: ? - help, Shift-Dir - straight line
Okay, then.
The salamander shoots an arrow.
The arrow hits you!
* * * LOW HITPOINT WARNING * * *
The salamander shoots an arrow.
The arrow hits you!
You die...

.............. .#.
..#......>. .#....
...../....##.#....
........†.........
.)................
.###.......##..
...##.....#.#
...........#.#...
....§☼...@....#
...○..N.......#
...○☼§.......#^#
..........#....#
..............#..
........#.....# #
.......#..###.
..#......# .#


You could see a salamander.

Vanquished Creatures
  Jorgrun (Swamp:1)
  An eleionoma (Swamp:1)
  2 bunyips
  An alligator (Swamp:1)
  7 hydras
  3 catoblepae
  2 two-headed ogres
  3 death yaks (D:11)
  4 spriggans
  A sea snake (Lair:4)
  2 goliath frogs (Swamp:1)
  A spriggan druid (Swamp:2)
  2 mana vipers (Snake:1)
  An orc knight (Orc:2)
  Pikel (D:7)
  3 bog bodies
  A will-o-the-wisp (Swamp:1)
  Maurice (D:7)
  2 manticores (Lair:4)
  A cyclops (D:10)
  6 black mambas
  A naga mage (Snake:1)
  11 elephants
  8 cane toads
  A torpor snail (Lair:4)
  Jeremiah (D:8)
  2 rime drakes
  A freezing wraith (IceCv)
  7 komodo dragons
  6 trolls
  5 hornets
  2 tyrant leeches (Swamp:1)
  Prince Ribbit (D:7)
  4 blink frogs (Lair:3)
  5 dream sheep
  A shadow (D:10)
  3 wyverns
  A vampire (D:7)
  4 wraiths
  34 yaks
  A basilisk (Lair:1)
  A warg (Orc:2)
  6 vampire mosquitoes
  5 nagas
  2 swamp worms (Swamp:1)
  3 acid dragons
  13 water moccasins
  A swamp drake (Swamp:2)
  4 black bears
  7 orc warriors
  2 sky beasts
  2 ice beasts (D:7)
  7 wolves (Lair:1)
  2 ogres (Orc:2)
  3 centaurs
  4 lemures (D:7)
  2 kobold brigands (D:9)
  11 bullfrogs
  9 wights
  4 killer bees
  An electric eel (Lair:2)
  4 howler monkeys
  40 jellies
  A bombardier beetle (D:7)
  4 hounds
  6 orc priests
  A sleepcap (D:6)
  Terence (D:2)
  An iguana (D:4)
  7 orc wizards
  13 hell rats
  A polar bear simulacrum (IceCv)
  A wolf simulacrum (IceCv)
  15 adders
  8 river rats
  2 shadow imps
  A white imp (D:5)
  4 ufetubi
  2 dart slugs
  4 ribbon worms
  26 orcs
  13 endoplasms
  2 giant cockroaches (Sewer)
  7 goblins
  7 hobgoblins
  7 jackals
  7 quokkas
  14 ball pythons
  10 bats
  7 frilled lizards
  12 kobolds
  9 rats
471 creatures vanquished.

Vanquished Creatures (collateral kills)
  An eleionoma (Lair:3)
  2 yaks (Lair:3)
3 creatures vanquished.

Vanquished Creatures (others)
  An elephant (Lair:4)
  A rime drake (Lair:1)
  2 slime creatures (Lair:4)
  A black bear (Lair:1)
  A centaur (D:8)
  3 bullfrogs
  A wight (D:7)
  5 killer bees
  A howler monkey (D:9)
  37 jellies
  An iguana (D:6)
  A river rat (D:11)
  3 orcs
  8 ball lightnings
  572 foxfires
638 creatures vanquished.

Grand Total: 1112 creatures vanquished

Notes
Turn   | Place    | Note
-------+----------+-------------------------------------------
     0 | D:1      | bobo the Djinni Fire Elementalist began the quest for the
                  | Orb.
     0 | D:1      | bobo set off with the following spells memorised: Foxfire,
                  | Scorch, Volatile Blastmotes, Inner Flame, Flame Wave.
     0 | D:1      | Reached XP level 1. HP: 15/15 MP: 0/0
    21 | D:1      | Found Juem's Magic Scroll Emporium.
    90 | D:1      | Found a faded altar of an unknown god.
   147 | D:1      | Reached XP level 2. HP: 17/22 MP: 0/0
   208 | D:1      | Reached skill level 1 in Fighting
   233 | D:1      | Found Zoerhea's Armour Emporium.
   321 | D:1      | Found Fywy's Distillery.
   456 | D:1      | Found Defriqesk's Antique Armour Boutique.
   560 | D:1      | Reached XP level 3. HP: 24/27 MP: 0/0
   560 | D:1      | Learned a level 1 spell: Shock
   991 | D:2      | Reached skill level 2 in Fighting
  1069 | D:2      | Reached XP level 4. HP: 28/33 MP: 0/0
  1322 | D:2      | Noticed Terence
  1332 | D:2      | Killed Terence
  1333 | D:2      | Reached XP level 5. HP: 32/40 MP: 0/0
  1333 | D:2      | Learned a level 2 spell: Static Discharge
  1508 | D:2      | Reached skill level 3 in Fighting
  2564 | D:4      | Noticed a black bear
  2573 | D:4      | Killed a black bear
  2574 | D:4      | Reached skill level 4 in Fighting
  2574 | D:4      | Reached XP level 6. HP: 32/47 MP: 0/0
  2796 | D:4      | Noticed a wyvern
  2804 | D:4      | Killed a wyvern
  2805 | D:4      | Reached XP level 7. HP: 29/53 MP: 0/0
  2805 | D:4      | Learned a level 3 spell: Mephitic Cloud
  2910 | D:4      | Found a glowing golden altar of the Shining One.
  3079 | D:4      | Reached skill level 5 in Fighting
  3079 | D:4      | Reached skill level 5 in Spellcasting
  3079 | D:4      | Reached skill level 5 in Conjurations
  3079 | D:4      | Reached skill level 5 in Hexes
  3079 | D:4      | Reached skill level 5 in Summonings
  3079 | D:4      | Reached skill level 5 in Necromancy
  3079 | D:4      | Reached skill level 5 in Translocations
  3079 | D:4      | Reached skill level 5 in Fire Magic
  3079 | D:4      | Reached skill level 5 in Ice Magic
  3079 | D:4      | Reached skill level 5 in Air Magic
  3079 | D:4      | Reached skill level 5 in Earth Magic
  3079 | D:4      | Reached skill level 5 in Alchemy
  3389 | D:5      | Entered Level 5 of the Dungeon
  4510 | D:6      | Reached XP level 8. HP: 58/61 MP: 0/0
  4590 | D:6      | Reached skill level 6 in Fighting
  5174 | D:6      | Found a glowing drain.
  5180 | Sewer    | Entered a sewer
  5519 | Sewer    | Reached skill level 7 in Fighting
  5594 | Sewer    | Found a viscous altar of Jiyva.
  5606 | Sewer    | Became a worshipper of Jiyva Jeengeic the Shapeless
  5966 | D:7      | Noticed Prince Ribbit
  5970 | D:7      | Killed Prince Ribbit
  5971 | D:7      | Reached XP level 9. HP: 60/68 MP: 0/0
  5971 | D:7      | Learned a level 4 spell: Passage of Golubria
  5975 | D:7      | Noticed Maurice
  5982 | D:7      | Killed Maurice
  5983 | D:7      | Reached skill level 8 in Fighting
  6576 | D:7      | Noticed a komodo dragon
  6576 | D:7      | Noticed Pikel
  6769 | D:7      | Reached * piety under Jiyva
  6848 | D:7      | Found a staircase to the Ecumenical Temple.
  6958 | D:7      | Reached skill level 9 in Fighting
  6969 | D:7      | Killed Pikel
  6970 | D:7      | Reached XP level 10. HP: 73/78 MP: 0/0
  7032 | D:7      | Killed a komodo dragon
  7097 | D:7      | Reached skill level 10 in Fighting
  7523 | D:8      | Reached ** piety under Jiyva
  7811 | D:8      | Found a bloodstained altar of Trog.
  7854 | D:8      | Noticed Jeremiah
  7860 | D:8      | Killed Jeremiah
  8120 | D:9      | Found a white marble altar of Elyvilon.
  8240 | D:9      | Reached *** piety under Jiyva
  8264 | D:9      | Gained mutation: You are resistant to electric shocks.
                  | (rElec) [Jiyva's grace]
  8264 | D:9      | Gained mutation: Your muscles are strong. (Str +4, Int/Dex
                  | -1) [Jiyva's grace]
  8264 | D:9      | Gained mutation: Your muscles are very strong. (Str +8,
                  | Int/Dex -2) [Jiyva's grace]
  8264 | D:9      | Gained mutation: Your melee attacks may engulf your foes in
                  | ooze. [Jiyva's grace]
  8282 | D:9      | Reached skill level 11 in Fighting
  8387 | D:9      | Found a staircase to the Orcish Mines.
  8555 | D:9      | Identified the +2 leather armour of the Earth {rF++ rC+}
  8658 | D:9      | Reached XP level 11. HP: 63/87 MP: 0/0
  8658 | D:9      | Learned a level 5 spell: Silence
  8678 | D:9      | Noticed a two-headed ogre
  8688 | D:9      | Killed a two-headed ogre
  8804 | D:10     | Entered Level 10 of the Dungeon
  9020 | D:10     | Reached skill level 12 in Fighting
  9030 | D:10     | Found a hide-covered altar of Uskayaw.
  9044 | D:10     | Found a burning altar of Makhleb.
  9128 | D:10     | Reached **** piety under Jiyva
  9202 | D:10     | Noticed a two-headed ogre
  9211 | D:10     | Killed a two-headed ogre
  9407 | D:10     | Reached skill level 10 in Spellcasting
  9407 | D:10     | Reached skill level 10 in Conjurations
  9407 | D:10     | Reached skill level 10 in Hexes
  9407 | D:10     | Reached skill level 10 in Summonings
  9407 | D:10     | Reached skill level 10 in Necromancy
  9407 | D:10     | Reached skill level 10 in Translocations
  9407 | D:10     | Reached skill level 10 in Fire Magic
  9407 | D:10     | Reached skill level 10 in Ice Magic
  9407 | D:10     | Reached skill level 10 in Air Magic
  9407 | D:10     | Reached skill level 10 in Earth Magic
  9407 | D:10     | Reached skill level 10 in Alchemy
  9787 | D:11     | Noticed a death yak
  9787 | D:11     | Noticed a death yak
  9787 | D:11     | Noticed Josephine
  9789 | D:11     | Noticed a death yak
  9801 | D:11     | Noticed a cyclops
  9811 | D:10     | Killed a cyclops
  9812 | D:10     | Reached skill level 13 in Fighting
  9984 | D:11     | Reached XP level 12. HP: 33/98 MP: 0/0
 10092 | D:11     | Found a staircase to the Lair.
 10118 | D:11     | Killed a death yak
 10127 | D:11     | Killed a death yak
 10134 | D:11     | Killed a death yak
 10199 | D:11     | Found Ojuan Fozepn's Mayhem Merchandise.
 10440 | D:11     | Gained mutation: Your translucent skin slightly reduces
                  | your foes' accuracy. (Stealth+) [Jiyva's grace]
 10440 | D:11     | Gained mutation: Your translucent skin reduces your foes'
                  | accuracy. (Stealth+) [Jiyva's grace]
 10440 | D:11     | Gained mutation: Your transparent skin significantly
                  | reduces your foes' accuracy. (Stealth+) [Jiyva's grace]
 10440 | D:11     | Gained mutation: You expend health (3 HP) to strengthen
                  | your wands. [Jiyva's grace]
 10457 | Lair:1   | Entered Level 1 of the Lair of Beasts
 10457 | Lair:1   | Reached ***** piety under Jiyva
 10594 | Lair:1   | Reached skill level 14 in Fighting
 10970 | Lair:1   | Was placed under penance by Jiyva
 11069 | Lair:1   | Was forgiven by Jiyva
 11342 | Lair:2   | Was placed under penance by Jiyva
 11375 | Lair:2   | Found a frozen archway.
 11385 | IceCv    | Entered an ice cave
 11494 | IceCv    | Found a transporter.
 11503 | IceCv    | Found a transporter.
 11659 | Lair:2   | Reached XP level 13. HP: 48/106 MP: 0/0
 11659 | Lair:2   | Learned a level 5 spell: Fireball
 12063 | Lair:2   | Lost mutation: Your melee attacks may engulf your foes in
                  | ooze. [the all-consuming vengeance of Jiyva]
 12063 | Lair:2   | Was forgiven by Jiyva
 12093 | Lair:2   | Found a staircase to the Snake Pit.
 12557 | Lair:3   | Noticed an eight-headed hydra
 12560 | Lair:3   | Killed an eight-headed hydra
 12561 | Lair:3   | Reached skill level 15 in Fighting
 12564 | Lair:3   | Noticed a catoblepas
 12637 | Lair:3   | Killed a catoblepas
 12667 | Lair:3   | Noticed a five-headed hydra
 12756 | Lair:3   | Killed a five-headed hydra
 12832 | Lair:3   | Lost mutation: Your muscles are very strong. (Str +8,
                  | Int/Dex -2) [Jiyva's grace]
 12832 | Lair:3   | Lost mutation: Your transparent skin significantly reduces
                  | your foes' accuracy. (Stealth+) [Jiyva's grace]
 12832 | Lair:3   | Lost mutation: Your translucent skin reduces your foes'
                  | accuracy. (Stealth+) [Jiyva's grace]
 12832 | Lair:3   | Gained mutation: Armour fits poorly on your pseudopods.
                  | [Jiyva's grace]
 12832 | Lair:3   | Gained mutation: Armour fits poorly on your large
                  | pseudopods. [Jiyva's grace]
 12832 | Lair:3   | Gained mutation: Armour fits poorly on your massive
                  | pseudopods. [Jiyva's grace]
 12832 | Lair:3   | Gained mutation: Your spells are a little harder to cast,
                  | but a little more powerful. [Jiyva's grace]
 12836 | Lair:3   | Noticed an eleionoma
 12855 | Lair:3   | Killed an eleionoma
 12865 | Lair:3   | Reached skill level 16 in Fighting
 12923 | Lair:3   | Found a staircase to the Swamp.
 13280 | Lair:4   | Found a staircase to the Slime Pits.
 13281 | Lair:4   | Found a viscous altar of Jiyva.
 13283 | Lair:4   | Reached ****** piety under Jiyva
 13473 | Lair:4   | Noticed a catoblepas
 13478 | Lair:4   | Killed a catoblepas
 13480 | Lair:4   | Reached XP level 14. HP: 102/117 MP: 0/0
 13726 | Lair:4   | Reached skill level 1 in Armour
 14318 | Lair:5   | Entered Level 5 of the Lair of Beasts
 14325 | Lair:4   | Upgraded the game from 0.31.0-11-ge490571c62 to
                  | 0.31.0-12-g77e489cdc1
 14573 | Orc:1    | Entered Level 1 of the Orcish Mines
 14672 | Orc:2    | Entered Level 2 of the Orcish Mines
 14693 | Orc:2    | Lost mutation: You are resistant to electric shocks.
                  | (rElec) [Jiyva's grace]
 14693 | Orc:2    | Lost mutation: Armour fits poorly on your massive
                  | pseudopods. [Jiyva's grace]
 14693 | Orc:2    | Gained mutation: You have a pair of small antennae on your
                  | head. [Jiyva's grace]
 14693 | Orc:2    | Gained mutation: You have a pair of antennae on your head.
                  | [Jiyva's grace]
 14693 | Orc:2    | Gained mutation: You have a pair of large antennae on your
                  | head. (SInv) [Jiyva's grace]
 14693 | Orc:2    | Gained mutation: Your body has grown eyes which may confuse
                  | attackers. (Acc +3) [Jiyva's grace]
 14773 | Orc:2    | Noticed Saint Roka
 15040 | D:1      | Bought a scroll of acquirement for 728 gold pieces
 15040 | D:1      | Acquired 992 gold pieces
 15042 | D:1      | Acquired the ring of Bonkaepi {rF+ rC+}
 15312 | Swamp:1  | Entered Level 1 of the Swamp
 15317 | Swamp:1  | Reached skill level 5 in Dodging
 15385 | Swamp:1  | Identified the +0 ring mail "Pitun" {+Blink rElec rC+
                  | Int-2}
 15465 | Swamp:1  | Lost mutation: Your body has grown eyes which may confuse
                  | attackers. (Acc +3) [potion of mutation]
 15465 | Swamp:1  | Lost mutation: Your muscles are strong. (Str +4, Int/Dex
                  | -1) [potion of mutation]
 15465 | Swamp:1  | Gained mutation: Your spells are harder to cast, but more
                  | powerful. [potion of mutation]
 15471 | Swamp:1  | Reached skill level 17 in Fighting
 15475 | Swamp:1  | Noticed a bunyip
 15480 | Swamp:1  | Killed a bunyip
 15498 | Swamp:1  | Noticed an eleionoma
 15502 | Swamp:1  | Killed an eleionoma
 15503 | Swamp:1  | Reached skill level 5 in Armour
 15532 | Swamp:1  | Noticed Jorgrun
 15536 | Swamp:1  | Killed Jorgrun
 15962 | Swamp:2  | Noticed a bunyip
 15966 | Swamp:2  | Killed a bunyip
 15973 | Swamp:2  | Reached XP level 15. HP: 88/124 MP: 0/0
 15973 | Swamp:2  | Learned a level 6 spell: Conjure Ball Lightning
 15979 | Swamp:2  | Was placed under penance by Jiyva
 16003 | Swamp:2  | Noticed a tentacled monstrosity
 16156 | D:10     | Fell from the grace of Jiyva
 16156 | D:10     | Became a worshipper of Makhleb the Destroyer
 16673 | Snake:1  | Entered Level 1 of the Snake Pit
 16718 | Snake:1  | HP: 3/124 [salamander/arrow (12)]
 16720 | Snake:1  | Shot with an arrow by a salamander

Illustrated notes

Levels and vault maps discovered:
D:1:      beargit_arrival_greenhouse, layout_loops_corners, serial_shops, shop,
          shop, shop, nicolae_shop_hallway_stairs,
          shapermc_ecumenical_altar_petra
D:2:      layout_basic, uniq_terence
D:3:      layout_rooms
D:4:      layout_cave_pools, tso_oasis_becter, uniq_crazy_yiuf_cottage
D:5:      layout_basic
D:6:      layout_loops_ring, gup_sewer_entry_spiral, minmay_misc_feat_diagonals
D:7:      layout_basic, minmay_temple_entry_tees, uniq_pikel, uniq_maurice,
          uniq_prince_ribbit1
D:8:      layout_gridville, mainiacjoe_overflow_cross_hatched,
          serial_park_tiny_pond, kennysheep_generic_room_8, uniq_jeremiah
D:9:      layout_basic, mainiacjoe_overflow_catwalk, orc_0_dummy
D:10:     layout_roguey, mainiacjoe_overflow_swirl,
          nicolae_sif_muna_little_library
D:11:     layout_loops_ring, dpeg_lair_monsters, minmay_shop_mayhem,
          uniq_josephine
Lair:1:   layout_regular_city, beast_lair_carwin_5
Lair:2:   layout_chaotic_city, minmay_snake_entry_guardpost_small,
          portal_ice_cave_entry_pillars_2, beast_lair_carwin_3,
          infiniplex_staircase_pool
Lair:3:   layout_misc_corridors, alex1729_swamp_entry_worm_eleionoma,
          serial_bayou_shore_a, lemuel_fruit_fields
Lair:4:   nzn_motion_control, layout_layer_cave, minmay_slime_entry_pillars,
          lemuel_fruit_fields
Lair:5:   gammafunk_lair_ancient_temple, layout_loops_ring,
          minmay_stone_trees_small, minmay_lair_oklob_items
Swamp:1:  layout_basic_swamp, evilmike_swamp_ruin_rubble_2, swamp_pool_3,
          nicolae_swamp_stuck_in_the_mud, uniq_jorgrun
Swamp:2:  layout_falls_marsh, hangedman_swamp_diagram,
          nicolae_swamp_very_dense_foliage
Snake:1:  layout_layer_cave, nicolae_shop_self_help
Orc:1:    layout_caves, special_room [special_room_bee], serial_shops,
          nicolae_shop_gibbet_a_chance, uniq_erica
Orc:2:    grunt_orc_cross, layout_caves, basic_altar, uniq_donald

Skill      XL: |  1  2  3  4  5  6  7  8  9 10 11 12 13 14 15 |
---------------+----------------------------------------------+-----
Fighting       | 1 2 4 5 7 9 11 13 14 16 17 | 17.5
Spellcasting   | 4 5 6 7 9 10 11 12 13 | 13.0
Conjurations   | 4 5 6 7 9 10 11 12 13 | 13.0
Hexes          | 4 5 6 7 9 10 11 12 13 | 13.0
Summonings     | 4 5 6 7 9 10 11 12 13 | 13.0
Necromancy     | 4 5 6 7 9 10 11 12 13 | 13.0
Translocations | 4 5 6 7 9 10 11 12 13 | 13.0
Fire Magic     | 4 5 6 7 9 10 11 12 13 | 13.0
Ice Magic      | 4 5 6 7 9 10 11 12 13 | 13.0
Air Magic      | 4 5 6 7 9 10 11 12 13 | 13.0
Earth Magic    | 4 5 6 7 9 10 11 12 13 | 13.0
Alchemy        | 4 5 6 7 9 10 11 12 13 | 13.0
Armour         | 5 6 |  6.1
Dodging        | 7 |  7.2
Stealth        | |  1.5
Invocations    | |  0.8

Action                     |  1- 3 |  4- 6 |  7- 9 | 10-12 | 13-15 || total
---------------------------+-------+-------+-------+-------+-------++-------
  Melee: Dagger            |     1 |       |       |       |       ||     1
         Rapier            |       |       |     2 |    20 |     6 ||    28
         Punch             |       |       |       |       |     1 ||     1
   Cast: Foxfire           |    31 |    52 |    96 |   116 |    22 ||   317
         Scorch            |    12 |    34 |    43 |    85 |    51 ||   225
         Volatile Blastmot |       |     9 |    15 |    55 |    17 ||    96
         Shock             |       |     6 |    27 |    34 |     3 ||    70
         Inner Flame       |       |     3 |    21 |    78 |    79 ||   181
         Mephitic Cloud    |       |       |     7 |    10 |     4 ||    21
         Flame Wave        |       |       |     1 |     4 |     3 ||     8
         Static Discharge  |       |       |     1 |     6 |       ||     7
         Passage of Golubr |       |       |     1 |       |       ||     1
         Fireball          |       |       |       |       |   190 ||   190
         Conjure Ball Ligh |       |       |       |       |     3 ||     3
    Use: Scroll            |       |       |     7 |     6 |     4 ||    17
         Potion            |       |       |       |       |     1 ||     1
   Stab: Sleeping          |       |       |     1 |     1 |       ||     2
         Confused          |       |       |       |     1 |       ||     1
 Armour: Robe              |     1 |     7 |    24 |    10 |       ||    42
         Leather armour    |       |       |       |   119 |   119 ||   238
  Dodge: Dodged            |     3 |     3 |    13 |    54 |    85 ||   158
